 Dungeon Crawl Stone Soup version 0.31-a0-986-g5e6e4ef867 (webtiles) character file.

Game seed: 4620388304095909103

1001 Persephone the Poker (level 8, -1/52 HPs)
             Began as an Octopode Fighter on Nov 7, 2023.
             Was an Initiate of Gozag.
             Slain by a wyvern (8 damage)
             ... on level 6 of the Dungeon.
             The game lasted 00:05:48 (3985 turns).

Persephone the Poker (Octopode Fighter)             Turns: 3985, Time: 00:05:49

Health: -1/52      AC:  1    Str: 18    XL:     8   Next: 20%
Magic:  17/17      EV: 13    Int: 16    God:    Gozag
Gold:   1115       SH:  6    Dex: 11    Spells: 7/7 levels left

rFire   . . .        k - +3 spear (vamp)
rCold   . . .        b - +1 buckler
rNeg    . . .        (helmet restricted)
rPois   .            (no amulet)
rElec   .            l - +6 ring of intelligence
rCorr   .            n - ring of magical power
SInv    .            (no ring)
Will    .....        (no ring)
Stlth   ++           (no ring)
HPRegen 0.28/turn    (no ring)
MPRegen 0.15/turn    (no ring)
                     (no ring)

%: no passive effects
@: lethally poisoned (-1 -> -3), gold aura
A: almost no armour, amphibious, 8 rings, camouflage 1, gelatinous body 1,
(nimble swimmer 1), tentacles
a: Renounce Religion, Potion Petition, Call Merchant, Bribe Branch


You were on level 6 of the Dungeon.
You worshipped Gozag.
Gozag was most pleased with you.
You visited 2 branches of the dungeon, and saw 7 of its levels.

You collected 1235 gold pieces.
You spent 60 gold pieces at shops.
You paid 60 gold pieces to Gozag.

Inventory:

Hand Weapons
 k - a +3 vampiric spear (weapon)
 t - a -2 demon trident
Armour
 b - a +1 buckler (worn)
Jewellery
 l - a +6 ring of intelligence (left tentacle)
 n - a ring of magical power (right tentacle)
Wands
 m - a wand of charming (9)
Scrolls
 e - 2 scrolls of teleportation
 i - 6 scrolls of revelation
 o - 2 scrolls of amnesia
 p - 5 scrolls of identify
 q - a scroll of poison
 u - a scroll of butterflies {unknown}
Potions
 a - a potion of brilliance {unknown}
 c - 3 potions of might
 d - a potion of attraction {unknown}
 f - 3 potions of ambrosia
 g - a potion of enlightenment {unknown}
 h - 3 potions of curing {unknown}
 j - 3 potions of mutation {unknown}
 r - a potion of heal wounds {unknown}
 s - a potion of resistance {unknown}


   Skills:
 - Level 3.0 Fighting
 * Level 7.8 Polearms
 - Level 3.0 Dodging
 + Level 6.1 Shields


You had 7 spell levels left.
You didn't know any spells.
Your spell library contained the following spells:

 Spells                   Type           Power      Damage    Failure   Level
 Lesser Beckoning         Tloc           0%         N/A       43%         2
 Gell's Gravitas          Tloc           0%         N/A       67%         3
 Teleport Other           Tloc           0%         N/A       67%         3


Dungeon Overview and Level Annotations

Branches:
Dungeon (6/15)             Temple (1/1) D:5

Altars:
Ashenzari
Cheibriados
Elyvilon
Fedhas
Gozag
Hepliaklqana
Kikubaaqudgha
Makhleb
Nemelex Xobeh
Okawaru
Qazlal
Sif Muna
Trog
Uskayaw
Wu Jian
Xom
Yredelemnul
Zin
The Shining One
Lugonu

Shops:
D:5 *


Innate Abilities, Weirdness & Mutations

You cannot wear most types of armour.
You are amphibious.
You can wear up to eight rings at the same time.
Your skin changes colour to match your surroundings (Stealth+).
Your rubbery body absorbs attacks. (AC +1, EV +1)
((You are camouflaged when in or above water. (Stealth+)))
You have tentacles for arms and can constrict up to eight enemies at once.


Message History

The water moccasin is moderately wounded.
The wyvern hisses angrily.
The water moccasin bites you.
You are poisoned.
The water moccasin poisons you! You block the water moccasin's attack.
You hit the water moccasin. Your grab misses the water moccasin.
You tentacle-slap the water moccasin.
The water moccasin is heavily wounded.
You feel very sick. The water moccasin closely misses you.
You hit the water moccasin. Your grab misses the water moccasin.
The water moccasin is heavily wounded.
You feel sick. The water moccasin barely misses you.
You hit the water moccasin.
You feel better.
Your grab misses the water moccasin. You squeeze the water moccasin!
The water moccasin is almost dead.
You feel sick. The wyvern misses you.
The water moccasin completely misses you.
You miss the water moccasin.
The adder hisses angrily.
Your grab misses the water moccasin.
The water moccasin is almost dead.
You feel sick. The wyvern barely misses you. The water moccasin misses you.
You hit the water moccasin.
You feel better.
You kill the water moccasin!
You feel sick. The wyvern bites you!
Your Shields skill increases to level 6!
You hit the wyvern.
You feel better.
You tentacle-slap the wyvern, but do no damage.
The wyvern is lightly wounded.
You feel sick. The wyvern bites you!
You hit the wyvern but do no damage.
The wyvern is lightly wounded.
The wyvern bites you!
* * * LOW HITPOINT WARNING * * *
You hit the wyvern.
You feel better.
Your squeeze misses the wyvern.
The wyvern is lightly wounded.
You feel sick. The wyvern misses you. The wyvern bites you!
You die...
Your body crumbles into a pile of gold.

.....<#
#.....[#...##
#######
#....#.#.#.#.##
S.. #.#####.# .
#.# .# #.#
###.# #.# ....#
###.##.##....#
#.........l...#
#.###...S@..###
#.....$.#
..........#
..##......... >
######.....
....... .......
.......


You could see a wyvern and an adder.

Vanquished Creatures
  Sigmund (D:2)
  Eustachio (D:5)
  A water moccasin (D:6)
  A bullfrog (D:6)
  2 scorpions (D:5)
  A howler monkey (D:5)
  A hound (D:6)
  2 sleepcaps (D:4)
  Jessica (D:2)
  Terence (D:2)
  An iguana (D:4)
  2 orc wizards
  6 adders
  A shadow imp (D:6)
  4 worms (D:2)
  2 dart slugs
  11 orcs
  9 ball pythons
  8 endoplasms
  6 giant cockroaches
  6 goblins
  5 hobgoblins
  2 jackals (D:1)
  4 quokkas
  6 bats
  3 frilled lizards
  8 kobolds
  9 rats
  A lurking horror (D:6)
106 creatures vanquished.

Notes
Turn   | Place    | Note
-------+----------+-------------------------------------------
     0 | D:1      | Persephone the Octopode Fighter began the quest for the
                  | Orb.
     0 | D:1      | Reached XP level 1. HP: 16/16 MP: 1/1
   107 | D:1      | Reached XP level 2. HP: 21/21 MP: 2/2
   439 | D:1      | Reached skill level 3 in Polearms
   457 | D:1      | Reached XP level 3. HP: 26/26 MP: 3/3
   816 | D:2      | Noticed Sigmund
   824 | D:2      | Killed Sigmund
   825 | D:2      | Reached skill level 4 in Polearms
   825 | D:2      | Reached XP level 4. HP: 31/31 MP: 4/4
   825 | D:2      | Reached XP level 5. HP: 36/36 MP: 5/5
   934 | D:2      | Noticed Terence
   943 | D:2      | Killed Terence
   944 | D:2      | Reached skill level 5 in Polearms
  1077 | D:2      | Reached XP level 6. HP: 42/42 MP: 6/6
  1421 | D:2      | Noticed Jessica
  1425 | D:2      | Killed Jessica
  2737 | D:4      | Reached skill level 6 in Polearms
  2737 | D:4      | Reached skill level 5 in Shields
  2778 | D:4      | Reached XP level 7. HP: 46/46 MP: 7/7
  2968 | D:4      | Identified a scroll of acquirement
  2968 | D:4      | Acquired 987 gold pieces
  2986 | D:5      | Entered Level 5 of the Dungeon
  3144 | D:5      | Noticed Eustachio
  3154 | D:5      | Killed Eustachio
  3217 | D:5      | Found a blossoming altar of Fedhas.
  3245 | D:5      | Reached skill level 7 in Polearms
  3396 | D:5      | Found a staircase to the Ecumenical Temple.
  3487 | Temple   | Entered the Ecumenical Temple
  3503 | Temple   | Became a worshipper of Gozag Ym Sagoz the Greedy
  3578 | D:5      | Found Heef Pal's Lightly-Used Armoury.
  3586 | D:5      | Bought a -2 demon trident for 60 gold pieces
  3750 | D:6      | Reached XP level 8. HP: 52/52 MP: 8/8
  3926 | D:6      | Found a corrupted altar of Lugonu.
  3975 | D:6      | Noticed a wyvern
  3985 | D:6      | Slain by a wyvern

Illustrated notes

Levels and vault maps discovered:
D:1:      matt_arrival_grand_opening, layout_loops_ring
D:2:      layout_basic, hangedman_decor_points, uniq_jessica, uniq_sigmund,
          uniq_terence
D:3:      layout_loops_corners
D:4:      layout_basic, kennysheep_generic_room_11
D:5:      layout_basic, mainiacjoe_overflow_alcove_4,
          minmay_temple_entry_drinking_statues, kennysheep_cluttered_room,
          minmay_shop_damaged, uniq_eustachio
D:6:      layout_basic, amcnicky_altar_lugonu_corruption
Temple:   hc_temple_tempest_star

Skill      XL: |  1  2  3  4  5  6  7  8 |
---------------+-------------------------+-----
Polearms       | 3 4 5 6 7 |  7.8
Shields        | 4 5 6 |  6.1
Fighting       | |  3.0
Dodging        | |  3.0

Action                     |  1- 3 |  4- 6 |  7- 9 || total
---------------------------+-------+-------+-------++-------
  Melee: Trident           |    59 |    12 |       ||    71
         Tentacles         |     6 |    24 |    17 ||    47
         Constrict         |     6 |    24 |    18 ||    48
         Spear             |       |   102 |    74 ||   176
         Punch             |       |     2 |     2 ||     4
    Use: Scroll            |       |     5 |     5 ||    10
   Stab: Sleeping          |    13 |    17 |     5 ||    35
 Armour: Skin              |     7 |    17 |    17 ||    41
  Dodge: Dodged            |    19 |    23 |    24 ||    66
  Block: Buckler           |     4 |    11 |     6 ||    21

Table legend: (Time is in decaauts)
 A = Elapsed time spent in this place.
 B = Non-inter-level travel time spent in this place.
 C = Inter-level travel time spent in this place.
 D = Time resting spent in this place.
 E = Time spent auto-exploring this place.
 F = Levels seen in this place.
 G = Mean time per level.
                   A        B        C        D        E       F      G
               +--------+--------+--------+--------+--------+-----+--------+
         Total |   3966 |   3746 |    220 |      0 |   3029 |   7 |  566.6 |
       Dungeon |   3933 |   3743 |    190 |      0 |   3029 |   6 |  655.5 |
        Temple |     32 |      2 |     30 |      0 |      0 |   1 |   32.0 |
               +--------+--------+--------+--------+--------+-----+--------+

Top non-repeatable levels by time:
     D:3: 810 daAuts
     D:1: 792 daAuts
     D:2: 767 daAuts
     D:5: 698 daAuts
     D:4: 609 daAuts
     D:6: 255 daAuts
  Temple: 32 daAuts
